Workbook

Sheet Orçamento DPO
A2: DADOS DA EMPRESA
A3: DADOS DA EMPRESA
A6: Planilha de Orçamento - GLOBAL
A8: Obra: Reforma Cobertura Auditório Câmpus Camaquã | F8: Endereço: Rua Ana Gonçalves da Silva, 901
A9: Cliente: Instituto Federal Sul-Rio-Grandense | F9: Cidade: Camaquã - RS | J9: BDI = | K9: xx | L9: 42979
A10: Item/Descrição | B10: Qtd. | C10: Un | D10: Mão-de-Obra | F10: Material | H10: Custo Unit. Total | I10: Custo Direto | J10: BDI | L10: Sub-Total do Item | M10: Total do Item
D11: Custo Unitário | E11: Custo Parcial | F11: Custo Unitário | G11: Custo Parcial | J11: Valor | K11: %
A13: 2. SERVIÇOS PRELIMINARES / TÉCNICOS | M13: =SUM(L14:L38) -> #VALUE!
A14: 2. 1. MEDICINA E SEGURÂNÇA DO TRABALHO | E14: =D14*B14 -> 0 | G14: =F14*B14 -> 0 | H14: =+D14+F14 -> 0 | I14: =E14+G14 -> 0 | J14: =K14*I14 -> 0 | L14: =I14+J14 -> 0
A15: 2. 1. 1. EQUIPAMENTOS DE PROTEÇÃO INDIVIDUAL | E15: =D15*B15 -> 0 | G15: =F15*B15 -> 0 | H15: =+D15+F15 -> 0 | I15: =E15+G15 -> 0 | J15: =K15*I15 -> 0 | L15: =I15+J15 -> 0
A16: .1 EQUIPAMENTOS INDIVIDUAIS SEGURANCA | B16: 10 | C16: UN | E16: =D16*B16 -> 0 | G16: =F16*B16 -> 0 | H16: =+D16+F16 -> 0 | I16: =E16+G16 -> 0 | J16: =K16*I16 -> #VALUE! | K16: xx | L16: =I16+J16 -> #VALUE!
A17: .2 EQUIPAMENTO DE PROTEÇÃO PARA SERVIÇOS EM ALTURA | B17: 10 | C17: UN | D17: 0 | E17: =D17*B17 -> 0 | G17: =F17*B17 -> 0 | H17: =+D17+F17 -> 0 | I17: =E17+G17 -> 0 | J17: =K17*I17 -> #VALUE! | K17: =$K$9 -> xx | L17: =I17+J17 -> #VALUE!
A18: 2. 5. INSTALAÇÃO DO CANTEIRO DE OBRAS | E18: =D18*B18 -> 0 | G18: =F18*B18 -> 0 | H18: =+D18+F18 -> 0 | I18: =E18+G18 -> 0 | J18: =K18*I18 -> 0 | L18: =I18+J18 -> 0
A19: 2. 5. 1. BARRACÕES | E19: =D19*B19 -> 0 | G19: =F19*B19 -> 0 | H19: =+D19+F19 -> 0 | I19: =E19+G19 -> 0 | J19: =K19*I19 -> 0 | L19: =I19+J19 -> 0
A20: .1 ALUGUEL CONTAINER - ESCRIT/WC C/ 1 VASO/1 LAV (Inclusive transporte, mobilização e desmobilização) | B20: 1.5 | C20: MS | D20: 0 | E20: =D20*B20 -> 0 | G20: =F20*B20 -> 0 | H20: =+D20+F20 -> 0 | I20: =E20+G20 -> 0 | J20: =K20*I20 -> #VALUE! | K20: =$K$9 -> xx | L20: =I20+J20 -> #VALUE!
A21: .2 ALUGUEL CONTAINER - VESTIARIO/4 CHUVEIROS (Inclusive transporte, mobilização e desmobilização) | B21: 1.5 | C21: MS | D21: 0 | E21: =D21*B21 -> 0 | G21: =F21*B21 -> 0 | H21: =+D21+F21 -> 0 | I21: =E21+G21 -> 0 | J21: =K21*I21 -> #VALUE! | K21: =$K$9 -> xx | L21: =I21+J21 -> #VALUE!
A22: 2.6. TAPUMES | E22: =D22*B22 -> 0 | G22: =F22*B22 -> 0 | H22: =+D22+F22 -> 0 | I22: =E22+G22 -> 0 | J22: =K22*I22 -> 0 | L22: =I22+J22 -> 0
A23: 2. 6. 3. TELA DE POLIETILENO | E23: =D23*B23 -> 0 | G23: =F23*B23 -> 0 | H23: =+D23+F23 -> 0 | I23: =E23+G23 -> 0 | J23: =K23*I23 -> 0 | L23: =I23+J23 -> 0
A24: .1 TAPUME COM TELA DE POLIETILENO, ALTURA 1,20M, INCL. SUPORTE | B24: 100 | C24: MS | E24: =D24*B24 -> 0 | G24: =F24*B24 -> 0 | H24: =+D24+F24 -> 0 | I24: =E24+G24 -> 0 | J24: =K24*I24 -> #VALUE! | K24: =$K$9 -> xx | L24: =I24+J24 -> #VALUE!
A25: 2. 8. DEMOLIÇÕES E REMOÇÕES | E25: =D25*B25 -> 0 | G25: =F25*B25 -> 0 | H25: =+D25+F25 -> 0 | I25: =E25+G25 -> 0 | J25: =K25*I25 -> 0 | L25: =I25+J25 -> 0
A26: 2. 8.16. REMOÇÃO DE COBERTURA | E26: =D26*B26 -> 0 | G26: =F26*B26 -> 0 | H26: =+D26+F26 -> 0 | I26: =E26+G26 -> 0 | J26: =K26*I26 -> 0 | L26: =I26+J26 -> 0
A27: .1 REMOÇÃO DE COBERTURA COM TELHAS METALICA | B27: 426.37 | C27: M2 | E27: =D27*B27 -> 0 | G27: =F27*B27 -> 0 | H27: =+D27+F27 -> 0 | I27: =E27+G27 -> 0 | J27: =K27*I27 -> #VALUE! | K27: =$K$9 -> xx | L27: =I27+J27 -> #VALUE!
A28: 2. 8.18. REMOÇÃO DE FORRO | E28: =D28*B28 -> 0 | G28: =F28*B28 -> 0 | H28: =+D28+F28 -> 0 | I28: =E28+G28 -> 0 | J28: =K28*I28 -> 0 | L28: =I28+J28 -> 0
A29: .1 REMOCAO DE FORRO DE GESSO | B29: 78.13 | C29: M2 | E29: =D29*B29 -> 0 | G29: =F29*B29 -> 0 | H29: =+D29+F29 -> 0 | I29: =E29+G29 -> 0 | J29: =K29*I29 -> #VALUE! | K29: =$K$9 -> xx | L29: =I29+J29 -> #VALUE!
A30: 2. 8.33. REMOÇÃO DE CALHA | E30: =D30*B30 -> 0 | G30: =F30*B30 -> 0 | H30: =+D30+F30 -> 0 | I30: =E30+G30 -> 0 | J30: =K30*I30 -> 0 | L30: =I30+J30 -> 0
A31: .1 RETIRADA DE CALHAS E RUFOS | B31: 94.5 | C31: M | E31: =D31*B31 -> 0 | G31: =F31*B31 -> 0 | H31: =+D31+F31 -> 0 | I31: =E31+G31 -> 0 | J31: =K31*I31 -> #VALUE! | K31: =$K$9 -> xx | L31: =I31+J31 -> #VALUE!
A32: 2.12. MÁQUINAS, EQUIPAMENTOS E FERRAMENTAS | E32: =D32*B32 -> 0 | G32: =F32*B32 -> 0 | H32: =+D32+F32 -> 0 | I32: =E32+G32 -> 0 | J32: =K32*I32 -> 0 | L32: =I32+J32 -> 0
A33: .1 LOCAÇÃO DE ANDAIME TUBULAR COM PLATAFORMA METÁLICA | B33: 0.5 | C33: MS | E33: =D33*B33 -> 0 | G33: =F33*B33 -> 0 | H33: =+D33+F33 -> 0 | I33: =E33+G33 -> 0 | J33: =K33*I33 -> #VALUE! | K33: =$K$9 -> xx | L33: =I33+J33 -> #VALUE!
A34: 2.13. PROTEÇÕES | E34: =D34*B34 -> 0 | G34: =F34*B34 -> 0 | H34: =+D34+F34 -> 0 | I34: =E34+G34 -> 0 | J34: =K34*I34 -> 0 | L34: =I34+J34 -> 0
A35: 2.13. 1. PROTEÇÃO DE PISO | E35: =D35*B35 -> 0 | G35: =F35*B35 -> 0 | H35: =+D35+F35 -> 0 | I35: =E35+G35 -> 0 | J35: =K35*I35 -> 0 | L35: =I35+J35 -> 0
A36: .1 LONA PLÁSTICA 150 MICRAS PARA PROTEÇÃO DO PISO | B36: 426.37 | C36: M2 | E36: =D36*B36 -> 0 | G36: =F36*B36 -> 0 | H36: =+D36+F36 -> 0 | I36: =E36+G36 -> 0 | J36: =K36*I36 -> #VALUE! | K36: =$K$9 -> xx | L36: =I36+J36 -> #VALUE!
A37: .2 CHAPA MADEIRITE 10MM | B37: 9.68 | C37: M2 | E37: =D37*B37 -> 0 | G37: =F37*B37 -> 0 | H37: =+D37+F37 -> 0 | I37: =E37+G37 -> 0 | J37: =K37*I37 -> #VALUE! | K37: =$K$9 -> xx | L37: =I37+J37 -> #VALUE!
A38: .3 PROTEÇÃO DO PISO COM PAPELÃO EM ROLO ESPESSURA MÍNIMA 3MM | B38: 426.37 | C38: M2 | E38: =D38*B38 -> 0 | G38: =F38*B38 -> 0 | H38: =+D38+F38 -> 0 | I38: =E38+G38 -> 0 | J38: =K38*I38 -> #VALUE! | K38: =$K$9 -> xx | L38: =I38+J38 -> #VALUE!
A39: 9. COBERTURA | M39: =SUM(L40:L55) -> #VALUE!
A40: 9. 1. ESTRUTURA | E40: =D40*B40 -> 0 | G40: =F40*B40 -> 0 | H40: =+D40+F40 -> 0 | I40: =E40+G40 -> 0 | J40: =K40*I40 -> 0 | L40: =I40+J40 -> 0
A41: 9. 1. 2. METÁLICA | E41: =D41*B41 -> 0 | G41: =F41*B41 -> 0 | H41: =+D41+F41 -> 0 | I41: =E41+G41 -> 0 | J41: =K41*I41 -> 0 | L41: =I41+J41 -> 0
A42: .1 PERFIL U 50X100X50X3,00X6000MM, INCL. SOLDA | B42: 49.87 | C42: UN | E42: =D42*B42 -> 0 | G42: =F42*B42 -> 0 | H42: =+D42+F42 -> 0 | I42: =E42+G42 -> 0 | J42: =K42*I42 -> #VALUE! | K42: =$K$9 -> xx | L42: =I42+J42 -> #VALUE!
A43: .2 CANTONEIRA 1.1/2X1.1/2X1/8X6000MM. INCL. SOLDA | B43: 30.4 | C43: UN | E43: =D43*B43 -> 0 | G43: =F43*B43 -> 0 | H43: =+D43+F43 -> 0 | I43: =E43+G43 -> 0 | J43: =K43*I43 -> #VALUE! | K43: =$K$9 -> xx | L43: =I43+J43 -> #VALUE!
A44: .3 LIMPEZA DE ESTRUTURA METÁLICA (Remoção dos pontos de ferrugem e argamassa) | B44: 119.68 | C44: M2 | E44: =D44*B44 -> 0 | G44: =F44*B44 -> 0 | H44: =+D44+F44 -> 0 | I44: =E44+G44 -> 0 | J44: =K44*I44 -> #VALUE! | K44: =$K$9 -> xx | L44: =I44+J44 -> #VALUE!
A45: 9. 2. TELHAMENTO | E45: =D45*B45 -> 0 | G45: =F45*B45 -> 0 | H45: =+D45+F45 -> 0 | I45: =E45+G45 -> 0 | J45: =K45*I45 -> 0 | L45: =I45+J45 -> 0
A46: 9. 2. 2. COM TELHAS METÁLICAS | E46: =D46*B46 -> 0 | G46: =F46*B46 -> 0 | H46: =+D46+F46 -> 0 | I46: =E46+G46 -> 0 | J46: =K46*I46 -> 0 | L46: =I46+J46 -> 0
A47: .1 TELHA TRAPEZOIDAL TIPO SANDUICHE, INCL.FIXAÇÃO E VEDAÇÃO | B47: 426.37 | C47: M2 | E47: =D47*B47 -> 0 | G47: =F47*B47 -> 0 | H47: =+D47+F47 -> 0 | I47: =E47+G47 -> 0 | J47: =K47*I47 -> #VALUE! | K47: =$K$9 -> xx | L47: =I47+J47 -> #VALUE!
A48: .2 CUMEEIRA P/ TELHA TRAPEZOIDAL, INCL.FIXAÇÃO E VEDAÇÃO | B48: 27.64 | C48: M | E48: =D48*B48 -> 0 | G48: =F48*B48 -> 0 | H48: =+D48+F48 -> 0 | I48: =E48+G48 -> 0 | J48: =K48*I48 -> #VALUE! | K48: =$K$9 -> xx | L48: =I48+J48 -> #VALUE!
A49: 9. 3. CALHAS | E49: =D49*B49 -> 0 | G49: =F49*B49 -> 0 | H49: =+D49+F49 -> 0 | I49: =E49+G49 -> 0 | J49: =K49*I49 -> 0 | L49: =I49+J49 -> 0
A50: .1 CALHA CHAPA GALVANIZADA Nº26 - CORTE 1,0M | B50: 50.54 | C50: M | E50: =D50*B50 -> 0 | G50: =F50*B50 -> 0 | H50: =+D50+F50 -> 0 | I50: =E50+G50 -> 0 | J50: =K50*I50 -> #VALUE! | K50: =$K$9 -> xx | L50: =I50+J50 -> #VALUE!
A51: .2 CALHA CHAPA GALVANIZADA Nº26 - CORTE 1,3M | B51: 20.96 | C51: M | E51: =D51*B51 -> 0 | G51: =F51*B51 -> 0 | H51: =+D51+F51 -> 0 | I51: =E51+G51 -> 0 | J51: =K51*I51 -> #VALUE! | K51: =$K$9 -> xx | L51: =I51+J51 -> #VALUE!
A52: 9. 4. RUFOS | E52: =D52*B52 -> 0 | G52: =F52*B52 -> 0 | H52: =+D52+F52 -> 0 | I52: =E52+G52 -> 0 | J52: =K52*I52 -> 0 | L52: =I52+J52 -> 0
A53: .1 RUFO EM CHAPA GALVANIZADA N26 CORTE 20 | B53: 50.54 | C53: M | E53: =D53*B53 -> 0 | G53: =F53*B53 -> 0 | H53: =+D53+F53 -> 0 | I53: =E53+G53 -> 0 | J53: =K53*I53 -> #VALUE! | K53: =$K$9 -> xx | L53: =I53+J53 -> #VALUE!
A54: .2 RUFO EM CHAPA GALVANIZADA N26 CORTE 25 | B54: 6.96 | C54: M | E54: =D54*B54 -> 0 | G54: =F54*B54 -> 0 | H54: =+D54+F54 -> 0 | I54: =E54+G54 -> 0 | J54: =K54*I54 -> #VALUE! | K54: =$K$9 -> xx | L54: =I54+J54 -> #VALUE!
A55: .3 RUFO P/ TELHA TRAPEZOIDAL CORTE 55 | B55: 14 | C55: M | E55: =D55*B55 -> 0 | G55: =F55*B55 -> 0 | H55: =+D55+F55 -> 0 | I55: =E55+G55 -> 0 | J55: =K55*I55 -> #VALUE! | K55: =$K$9 -> xx | L55: =I55+J55 -> #VALUE!
A56: 15. REVESTIMENTOS | M56: =SUM(L57:L61) -> #VALUE!
A57: 15. 1. DE ARGAMASSA | E57: =D57*B57 -> 0 | G57: =F57*B57 -> 0 | H57: =+D57+F57 -> 0 | I57: =E57+G57 -> 0 | L57: =I57+J57 -> 0
A58: 15. 1. 1. CHAPISCO | E58: =D58*B58 -> 0 | G58: =F58*B58 -> 0 | H58: =+D58+F58 -> 0 | I58: =E58+G58 -> 0 | L58: =I58+J58 -> 0
A59: .1 CHAPISCO CI-AR 1:3:7MM PREPARO E APLICACAO | B59: 26.7 | C59: M2 | E59: =D59*B59 -> 0 | G59: =F59*B59 -> 0 | H59: =+D59+F59 -> 0 | I59: =E59+G59 -> 0 | J59: =K59*I59 -> #VALUE! | K59: =$K$9 -> xx | L59: =I59+J59 -> #VALUE!
A60: 15. 1. 2. MASSA ÚNICA | E60: =D60*B60 -> 0 | G60: =F60*B60 -> 0 | H60: =+D60+F60 -> 0 | I60: =E60+G60 -> 0 | J60: =K60*I60 -> 0 | L60: =I60+J60 -> 0
A61: .1 MASSA UNICA 20MM-ARGAMASSA REGULAR CA-CI-AR 1:2:8 | B61: 26.7 | C61: M2 | E61: =D61*B61 -> 0 | G61: =F61*B61 -> 0 | H61: =+D61+F61 -> 0 | I61: =E61+G61 -> 0 | J61: =K61*I61 -> #VALUE! | K61: =$K$9 -> xx | L61: =I61+J61 -> #VALUE!
A62: 17. PINTURA | M62: =SUM(L63:L64) -> #VALUE!
A63: 17. 9. FUNDO SOBRE METAL | E63: =D63*B63 -> 0 | G63: =F63*B63 -> 0 | H63: =+D63+F63 -> 0 | I63: =E63+G63 -> 0 | L63: =I63+J63 -> 0
A64: .1 FUNDO CROMATO DE ZINCO - 2 DEMÃOS | B64: 119.68 | C64: M² | E64: =D64*B64 -> 0 | G64: =F64*B64 -> 0 | H64: =+D64+F64 -> 0 | I64: =E64+G64 -> 0 | J64: =K64*I64 -> #VALUE! | K64: xx | L64: =I64+J64 -> #VALUE!
A65: 18. SERVIÇOS COMPLEMENTARES | M65: =SUM(L66:L67) -> #VALUE!
A66: 18. 5. LIMPEZA E ENTREGA DA OBRA | E66: =D66*B66 -> 0 | G66: =F66*B66 -> 0 | H66: =+D66+F66 -> 0 | I66: =E66+G66 -> 0 | J66: =K66*I66 -> 0 | L66: =I66+J66 -> 0
A67: .1 LIMPEZA FINAL DA OBRA | B67: 426.37 | C67: M² | E67: =D67*B67 -> 0 | G67: =F67*B67 -> 0 | H67: =+D67+F67 -> 0 | I67: =E67+G67 -> 0 | J67: =K67*I67 -> #VALUE! | K67: =$K$9 -> xx | L67: =I67+J67 -> #VALUE!
A68: 21. GERENCIAMENTO DE OBRAS / FISCALIZAÇÃO | M68: =SUM(L69:L71) -> #VALUE!
A69: 21. 1. ADMINISTRAÇÃO DA OBRA | E69: =D69*B69 -> 0 | G69: =F69*B69 -> 0 | H69: =+D69+F69 -> 0 | I69: =E69+G69 -> 0 | J69: =K69*I69 -> 0 | L69: =I69+J69 -> 0
A70: 21. 1. 1. DESPESAS COM PESSOAL | E70: =D70*B70 -> 0 | G70: =F70*B70 -> 0 | H70: =+D70+F70 -> 0 | I70: =E70+G70 -> 0 | J70: =K70*I70 -> 0 | L70: =I70+J70 -> 0
A71: .1 MESTRE DE OBRAS | B71: 1.5 | C71: MS | E71: =D71*B71 -> 0 | G71: =F71*B71 -> 0 | H71: =+D71+F71 -> 0 | I71: =E71+G71 -> 0 | J71: =K71*I71 -> #VALUE! | K71: =$K$9 -> xx | L71: =I71+J71 -> #VALUE!
A72: 22. FORRO | M72: =SUM(L73:L75) -> #VALUE!
A73: 22. 1. FORROS | E73: =D73*B73 -> 0 | G73: =F73*B73 -> 0 | H73: =+D73+F73 -> 0 | I73: =E73+G73 -> 0 | J73: =K73*I73 -> 0 | L73: =I73+J73 -> 0
A74: 22. 1. 4. DE PLACAS | E74: =D74*B74 -> 0 | G74: =F74*B74 -> 0 | H74: =+D74+F74 -> 0 | I74: =E74+G74 -> 0 | J74: =K74*I74 -> 0 | L74: =I74+J74 -> 0
A75: .1 FORRO MINERAL 625x1250x15mm - INSTALADO | B75: 78.13 | C75: M2 | E75: =D75*B75 -> 0 | G75: =F75*B75 -> 0 | H75: =+D75+F75 -> 0 | I75: =E75+G75 -> 0 | J75: =K75*I75 -> #VALUE! | K75: =$K$9 -> xx | L75: =I75+J75 -> #VALUE!
H76: TOTAL DO ORÇAMENTO | M76: =SUM(M13:M75) -> #VALUE!
I78: Local e Data
I81: Nome do Profissional Responsável
I82: Especificação do Cargo/função
I83: N° do CREA ou CAU

Sheet Cronograma
A1: INCLUIR LOGOTIPO DA EMPRESA
A6: DADOS DA EMPRESA
A7: DADOS DA EMPRESA
A8: DADOS DA EMPRESA
A10: ITEM | B10: 15 dias | D10: 30 dias | F10: 45 dias | H10: TOTAL
B11: VALOR | C11: % | D11: VALOR | E11: % | F11: VALOR | G11: % | H11: VALOR | I11: %
A12: 2. SERVIÇOS PRELIMINARES / TÉCNICOS | B12: =C12*$H12 -> #VALUE! | C12: 0.33 | D12: =E12*$H12 -> #VALUE! | E12: 0.33 | F12: =G12*$H12 -> #VALUE! | G12: 0.34 | H12: ='Orçamento DPO'!M13 -> #VALUE! | I12: =C12+E12+G12 -> 1
A13: 9. COBERTURA | B13: =C13*$H13 -> #VALUE! | C13: 0.3 | D13: =E13*$H13 -> #VALUE! | E13: 0.5 | F13: =G13*$H13 -> #VALUE! | G13: 0.2 | H13: ='Orçamento DPO'!M39 -> #VALUE! | I13: =C13+E13+G13 -> 1
A14: 15. REVESTIMENTOS | B14: =C14*$H14 -> #VALUE! | D14: =E14*$H14 -> #VALUE! | F14: =G14*$H14 -> #VALUE! | G14: 1 | H14: ='Orçamento DPO'!M56 -> #VALUE! | I14: =C14+E14+G14 -> 1
A15: 17. PINTURA | B15: =C15*$H15 -> #VALUE! | C15: 0.1 | D15: =E15*$H15 -> #VALUE! | E15: 0.5 | F15: =G15*$H15 -> #VALUE! | G15: 0.4 | H15: ='Orçamento DPO'!M62 -> #VALUE! | I15: =C15+E15+G15 -> 1
A16: 18. SERVIÇOS COMPLEMENTARES | B16: =C16*$H16 -> #VALUE! | C16: 0.33 | D16: =E16*$H16 -> #VALUE! | E16: 0.33 | F16: =G16*$H16 -> #VALUE! | G16: 0.34 | H16: ='Orçamento DPO'!M65 -> #VALUE! | I16: =C16+E16+G16 -> 1
A17: 21. GERENCIAMENTO DE OBRAS / FISCALIZAÇÃO | B17: =C17*$H17 -> #VALUE! | C17: 0.33 | D17: =E17*$H17 -> #VALUE! | E17: 0.33 | F17: =G17*$H17 -> #VALUE! | G17: 0.34 | H17: ='Orçamento DPO'!M68 -> #VALUE! | I17: =C17+E17+G17 -> 1
A18: 22. FORRO | B18: =C18*$H18 -> #VALUE! | D18: =E18*$H18 -> #VALUE! | F18: =G18*$H18 -> #VALUE! | G18: 1 | H18: ='Orçamento DPO'!M72 -> #VALUE! | I18: =C18+E18+G18 -> 1
A19: Total da Etapa | B19: =SUM(B12:B18) -> #VALUE! | C19: =B19/$H$19 -> #VALUE! | D19: =SUM(D12:D18) -> #VALUE! | E19: =D19/$H$19 -> #VALUE! | F19: =SUM(F12:F18) -> #VALUE! | G19: =F19/$H$19 -> #VALUE! | H19: ='Orçamento DPO'!M76 -> #VALUE! | I19: =C19+E19+G19 -> #VALUE!
A20: Total Acumulado | B20: =B19 -> #VALUE! | C20: =C19 -> #VALUE! | D20: =B20+D19 -> #VALUE! | E20: =C20+E19 -> #VALUE! | F20: =D20+F19 -> #VALUE! | G20: =E20+G19 -> #VALUE! | H20: =SUM(H12:H18) -> #VALUE!
F23: Local e Data
F26: Nome do Profissional Responsável
F27: Especificação do Cargo/função
F28: N° do CREA ou CAU
A50: Inst. Fed. de Educ., Ciencia e Tecnol. Sul-rio-grandense
A51: CNPJ 10.729.992/0001-46
A52: Rua Gonçalves Chaves, 3218, Centro - Pelotas - Fone 53 - 3026-6211 / 3026-6210
A53: email: dpo@ifsul.edu.br / dpo_cproj@ifsul.edu.br
